 Dungeon Crawl Stone Soup version 0.28-a0-464-g0687ed57fd (webtiles) character file.

Game seed: 16642245178782315738

59 MacCMillion the Skirmisher (level 4, 37/37 HPs)
             Began as a Merfolk Fighter on Sept 14, 2021.
             Was a Believer of Vehumet.
             Quit the game on level 2 of the Dungeon.
             The game lasted 00:04:47 (1488 turns).

MacCMillion the Skirmisher (Merfolk Fighter)        Turns: 1488, Time: 00:04:47

Health: 37/37      AC:  6    Str: 16    XL:     4   Next: 3%
Magic:  4/4        EV:  9    Int:  8    God:    Vehumet [**....]
Gold:   61         SH:  5    Dex: 13    Spells: 2/3 levels left

rFire   . . .      SeeInvis .   a - +0 rapier
rCold   . . .      Faith    .   c - +0 buckler
rNeg    . . .      Spirit   .   b - +0 scale mail
rPois   .          Reflect  .   (no helmet)
rElec   .          Harm     .   (no cloak)
rCorr   .          Rampage  .   (no gloves)
Will    .....                   (no boots)
Stlth   ..........              (no amulet)
HPRegen 0.12/turn               (no ring)
MPRegen 0.09/turn               (no ring)

@: no status effects
A: (nimble swimmer 2), mertail
a: Renounce Religion


You were on level 2 of the Dungeon.
You worshipped Vehumet.
Vehumet was pleased with you.
You visited 1 branch of the dungeon, and saw 2 of its levels.

You collected 131 gold pieces.
You spent 70 gold pieces at shops.

Inventory:

Hand Weapons
 a - a +0 rapier (weapon)
Armour
 b - a +0 scale mail (worn)
 c - a +0 buckler (worn)
Scrolls
 e - a scroll of enchant weapon
 f - a scroll of teleportation {unknown}
 g - a scroll of blinking {unknown}
 h - a scroll of brand weapon {unknown}
Potions
 d - 3 potions of might
 i - a potion of cancellation {unknown}
 j - a potion of flight
 k - 2 potions of curing


   Skills:
 + Level 3.7 Fighting
 * Level 3.5 Short Blades
 - Level 2.4 Armour
 + Level 0.1 Dodging
 * Level 3.6 Shields


You had 2 spell levels left.
You knew the following spells:

 Your Spells              Type           Power      Damage    Failure   Level
a - Magic Dart            Conj           0%         1d3       86%         1

Your spell library contained the following spells:

 Spells                   Type           Power      Damage    Failure   Level
 Poisonous Vapours        Pois/Air       0%         N/A       94%         2


Dungeon Overview and Level Annotations

Branches:
Dungeon (2/15)

Altars:
Vehumet

Shops:
D:2 *[


Innate Abilities, Weirdness & Mutations

((You are quick and stealthy near water. (Stealth+, EV+, Speed+++)))
Your lower body shifts to a powerful aquatic tail in water.


Message History

The rat bites you but does no damage.
You closely miss the rat. You block the rat's attack.
You closely miss the rat. The rat barely misses you.
You closely miss the rat. The rat barely misses you.
You barely miss the rat. The rat bites you.
You hit the rat.
You kill the rat!
Vehumet accepts your kill.
No target in view!
Saving game... please wait.
Welcome back, MacCMillion the Merfolk Fighter.
Vehumet says: Let it end in hellfire!
Press ? for a list of commands and other information.
HP restored.
A quokka comes into view.
You closely miss the quokka.
The quokka bites you but does no damage.
You block the quokka's attack.
You barely miss the quokka. The quokka closely misses you.
You hit the quokka.
You kill the quokka!
Vehumet accepts your kill.
You have reached level 4!
A hobgoblin comes into view.
The hobgoblin shouts!
Found 28 gold pieces.
You block the hobgoblin's attack.
You hit the hobgoblin.
The hobgoblin is severely wounded.
The hobgoblin hits you but does no damage.
You hit the hobgoblin but do no damage.
The hobgoblin is severely wounded.
The hobgoblin barely misses you.
You hit the hobgoblin.
You kill the hobgoblin!
Vehumet accepts your kill.
No target in view!
You now have 46 gold pieces (gained 13).
You now have 61 gold pieces (gained 15).
Are you sure you want to abandon this character and quit the game? (Confirm with "yes".)

.............+.....#
.#.#####.#####''####
.........#........# #
#.######.#.##..##.# .
#.#.######.#.#....#.#
..##.#........+........)
..............+........'
.............†#.#....#.#
##.....@......#.##..##.#
#............#........#
..............####++####
##..............
#..............
################


There were no monsters in sight!

Vanquished Creatures
  A worm (D:2)
  2 dart slugs (D:1)
  4 ball pythons (D:1)
  8 bats
  2 endoplasms (D:1)
  4 goblins
  5 hobgoblins
  5 kobolds
  7 quokkas
  2 frilled lizards (D:1)
  7 rats
47 creatures vanquished.

Notes
Turn   | Place    | Note
-------+----------+-------------------------------------------
     0 | D:1      | MacCMillion the Merfolk Fighter began the quest for the
                  | Orb.
     0 | D:1      | Reached XP level 1. HP: 18/18 MP: 1/1
   198 | D:1      | Reached XP level 2. HP: 21/24 MP: 2/2
   326 | D:1      | Found a faded altar of an unknown god.
   331 | D:1      | Became a worshipper of Vehumet
   331 | D:1      | Reached * piety under Vehumet
   331 | D:1      | Offered knowledge of Magic Dart by Vehumet.
   335 | D:1      | Learned a level 1 spell: Magic Dart
   405 | D:1      | Reached XP level 3. HP: 29/29 MP: 3/3
  1130 | D:2      | Found Ezoysizu's General Store.
  1137 | D:2      | Bought a scroll of identify for 28 gold pieces
  1137 | D:2      | Bought a potion of curing for 42 gold pieces
  1152 | D:2      | Found Xamilin's Armour Emporium.
  1262 | D:2      | Reached ** piety under Vehumet
  1262 | D:2      | Offered knowledge of Poisonous Vapours by Vehumet.
  1463 | D:2      | Reached XP level 4. HP: 37/37 MP: 4/4
  1488 | D:2      | Quit the game

Illustrated notes

Levels and vault maps discovered:
D:1:      lightli_arrival_boilingwater, layout_basic,
          dreamdust_ecumenical_altar_grove, minmay_tromino_v2
D:2:      layout_basic, serial_shops, nicolae_shop_waterfront, shop, shop, shop,
          grunt_ministairs_11, st_stairs_8, hangedman_decor_slide_cut,
          kennysheep_generic_room_5

Skill      XL: |  1  2  3 |
---------------+----------+-----
Short Blades   | 3 |  3.5
Fighting       | |  3.7
Armour         | |  2.4
Dodging        | |  0.1
Shields        | |  3.6

Action                   |  1- 3 |  4- 6 || total
-------------------------+-------+-------++-------
Melee: Rapier            |   125 |     3 ||   128
  Use: Scroll            |     2 |       ||     2
Armor: Scale mail        |    50 |     1 ||    51
Dodge: Dodged            |    63 |     1 ||    64
Block: Buckler           |    33 |     1 ||    34

Table legend: (Time is in decaauts)
 A = Elapsed time spent in this place.
 B = Non-inter-level travel time spent in this place.
 C = Inter-level travel time spent in this place.
 D = Time resting spent in this place.
 E = Time spent auto-exploring this place.
 F = Levels seen in this place.
 G = Mean time per level.
                   A        B        C        D        E       F      G
               +--------+--------+--------+--------+--------+-----+--------+
         Total |   1483 |   1462 |     21 |      0 |   1175 |   2 |  741.5 |
       Dungeon |   1483 |   1462 |     21 |      0 |   1175 |   2 |  741.5 |
               +--------+--------+--------+--------+--------+-----+--------+

Top non-repeatable levels by time:
     D:1: 1102 daAuts
     D:2: 381 daAuts
